 Dungeon Sprint DCSS version 0.19-a0-994-g3c636f0 (webtiles) character file.

8400000 Arkorax the Intangible (level 27, -4/174 HPs)
             Began as a Spriggan Gladiator on July 16, 2016.
             Was the Champion of Makhleb.
             Killed by divine providence
             ... invoked by an accursed
              (14 damage)
             ... in the Dungeon (Sprint VIII: "Arena of Blood").
             The game lasted 00:03:07 (84 turns).

Arkorax the Intangible (Spriggan Gladiator)           Turns: 84, Time: 00:03:08

Health: -4/174     AC:  4    Str: 12    XL:     27
Magic:  35/55      EV: 44    Int: 11    God:    Makhleb [******]
Gold:   0          SH:  0    Dex: 27    Spells: 0 memorised, 80 levels left

rFire  . . .     SeeInvis +     l - +∞ Axe of Woe
rCold  . . .     Gourm    .     b - +0 robe
rNeg   . . .     Faith    .     (shield currently unavailable)
rPois  .         Spirit   .     c - +0 hat
rElec  .         Dismiss  .     (no cloak)
rCorr  .         Reflect  .     (gloves unavailable)
SustAt .         Harm     .     (boots unavailable)
MR     ++++.     NoTele   +     (no amulet)
Stlth  ++++++++++               (no ring)
                                (no ring)

@: very quick, incredibly resistant to hostile enchantments, uncannily stealthy
A: unfitting armour, see invisible, herbivore 3, speed 3, slow metabolism 2
a: Minor Destruction, Lesser Servant of Makhleb, Major Destruction, Greater
Servant of Makhleb, Renounce Religion


You were in the Dungeon.
You worshipped Makhleb.
Makhleb was exalted by your worship.
You were not hungry.

You visited 1 branch

Inventory:

Hand Weapons
 a - a +0 war axe
 l - the +∞ Axe of Woe (weapon)
   (You found it in the Dungeon)
Missiles
 d - 3 throwing nets (quivered)
Armour
 b - a +0 robe (worn)
 c - a +0 hat (worn)
Scrolls
 k - a scroll of blinking
Potions
 e - a potion of curing
 g - a potion of heal wounds
 h - a potion of haste
 i - 2 potions of magic
 j - a potion of berserk rage
Comestibles
 f - a bread ration


   Skills:
 O Level 27 Fighting
 O Level 27 Axes
 O Level 27 Throwing
 O Level 27 Armour
 O Level 27 Dodging
 O Level 27 Stealth
 O Level 27 Unarmed Combat
 O Level 27 Spellcasting
 O Level 27 Invocations


You had 80 spell levels left.
You didn't know any spells.

Dungeon Overview and Level Annotations

Branches:
Dungeon (1/1)

Altars:
Makhleb

Annotations:
D The Servant


Innate Abilities, Weirdness & Mutations

You are tiny and cannot use many weapons and most armour.
You have supernaturally acute eyesight. (SInv)
You are a herbivore.
You cover ground extremely quickly.
You need consume almost no food.


Message History

The eight-headed meat hydra convulses!
The eight-headed meat hydra calls on the powers of darkness!
The eight-headed meat hydra convulses!
Your body is wracked with pain!
* * * LOW HITPOINT WARNING * * *
The bag of meat convulses!
The Servant convulses!
The bag of meat convulses!
The meat berserker convulses!
Items here: ))))) ===== ††† You hear a shout! x7
The Servant is engulfed in roaring flames.
The Servant misses you.
The eight-headed meat hydra calls on the powers of darkness!
The eight-headed meat hydra convulses!
The bag of meat convulses!
Your body is wracked with pain!
* * * LOW HITPOINT WARNING * * *
The meat berserker convulses!
The bag of meat convulses!
The Servant convulses!
The meat berserker convulses!
The bag of meat convulses!
The dread is engulfed in roaring flames.
The accursed points at you and mumbles some strange words.
Something smites you!
You die...

.... ... ... #O.
..# . #.. ..# .
..###.. ..###..
.....Do###.%....
........_.M....
#.@§§§# .
#_o§W§# .
....#.))@§#....
....o.._O......
......###o..%%.
.###.. 2%###..
#%.


XL# . #.. ..# .. ... You could see an accursed, a meat beast (wandering), a
tyrant, The Servant, an eight-headed meat hydra, a dread, 2 meat berserkers and
4 bags of meat.

Vanquished Creatures
  Sigmund (D)
  2 greater mummies (D)
  2 wraiths (D)
  11 vampire knights (D)
  28 ogres (D)
  2 liches (D)
  A hydra (D)
  48 orcs (D)
  5 hill giants (D)
  2 skeletal warriors (D)
102 creatures vanquished.

Notes
Turn   | Place    | Note
-------+----------+-------------------------------------------
     0 | D        | Arkorax the Spriggan Gladiator began the quest for the Orb.
     0 | D        | Reached XP level 1. HP: 10/10 MP: 2/2
     3 | D        | Noticed a bag of meat
     3 | D        | Noticed a bag of meat
     4 | D        | Became a worshipper of Makhleb the Destroyer
     5 | D        | Killed a bag of meat
     5 | D        | Reached skill level 15 in Axes
     5 | D        | Reached skill level 10 in Throwing
     5 | D        | Reached XP level 2. HP: 23/23 MP: 3/3
     5 | D        | Reached XP level 3. HP: 26/26 MP: 4/4
     5 | D        | Reached XP level 4. HP: 31/31 MP: 5/5
     5 | D        | Reached XP level 5. HP: 35/35 MP: 6/6
     5 | D        | Reached XP level 6. HP: 39/39 MP: 7/7
     5 | D        | Reached XP level 7. HP: 44/44 MP: 8/8
     5 | D        | Reached XP level 8. HP: 48/48 MP: 9/9
     5 | D        | Reached XP level 9. HP: 52/52 MP: 10/10
     5 | D        | Reached XP level 10. HP: 57/57 MP: 11/11
     5 | D        | Reached XP level 11. HP: 60/60 MP: 12/12
     7 | D        | Noticed a bag of meat
     8 | D        | Noticed a meat berserker
     9 | D        | Noticed a bag of meat
    10 | D        | Noticed a meat berserker
    10 | D        | Killed a meat berserker
    10 | D        | Reached * piety under Makhleb
    10 | D        | Reached skill level 27 in Dodging
    10 | D        | Reached XP level 12. HP: 70/70 MP: 13/13
    10 | D        | Reached XP level 13. HP: 74/74 MP: 14/14
    10 | D        | Killed a bag of meat
    10 | D        | Reached XP level 14. HP: 81/81 MP: 15/15
    11 | D        | Noticed a meat berserker
    12 | D        | Noticed a meat berserker
    12 | D        | Noticed a bag of meat
    13 | D        | Noticed a bag of meat
    13 | D        | Noticed a bag of meat
    14 | D        | Killed a meat berserker
    14 | D        | Reached ** piety under Makhleb
    14 | D        | Reached XP level 15. HP: 88/88 MP: 16/16
    14 | D        | Killed a meat berserker
    14 | D        | Reached *** piety under Makhleb
    14 | D        | Reached skill level 27 in Axes
    14 | D        | Reached XP level 16. HP: 99/99 MP: 17/17
    15 | D        | Noticed a meat berserker
    15 | D        | Killed a meat berserker
    16 | D        | Reached XP level 17. HP: 112/112 MP: 18/18
    18 | D        | Noticed a meat berserker
    20 | D        | Noticed a meat berserker
    20 | D        | Killed a meat berserker
    20 | D        | Reached **** piety under Makhleb
    21 | D        | Reached skill level 27 in Throwing
    21 | D        | Reached ***** piety under Makhleb
    21 | D        | Reached skill level 27 in Fighting
    21 | D        | Reached XP level 18. HP: 81/127 MP: 19/19
    21 | D        | Reached skill level 5 in Armour
    21 | D        | Reached skill level 10 in Stealth
    21 | D        | Reached skill level 5 in Unarmed Combat
    22 | D        | Noticed a large bag of meat
    23 | D        | Killed a meat berserker
    23 | D        | Reached skill level 10 in Armour
    23 | D        | Reached skill level 15 in Spellcasting
    23 | D        | Reached XP level 19. HP: 132/132 MP: 19/39
    23 | D        | Killed a large bag of meat
    25 | D        | Noticed a large bag of meat
    26 | D        | Killed a meat berserker
    26 | D        | Reached ****** piety under Makhleb
    26 | D        | Reached skill level 15 in Unarmed Combat
    27 | D        | Noticed a meat berserker
    27 | D        | Killed a large bag of meat
    28 | D        | Noticed a meat berserker
    29 | D        | Noticed a meat berserker
    29 | D        | Noticed a meat berserker
    29 | D        | Noticed a meat berserker
    30 | D        | Killed a meat berserker
    30 | D        | Reached skill level 27 in Stealth
    30 | D        | Reached XP level 20. HP: 137/137 MP: 21/48
    31 | D        | Killed a meat berserker
    32 | D        | Noticed a meat berserker
    32 | D        | Noticed an eight-headed meat hydra
    33 | D        | Noticed a destroyer
    33 | D        | Noticed a meat berserker
    33 | D        | Killed a meat berserker
    33 | D        | Noticed a destroyer
    34 | D        | Killed a meat berserker
    34 | D        | Reached skill level 27 in Spellcasting
    34 | D        | Reached XP level 21. HP: 142/142 MP: 21/53
    35 | D        | Reached skill level 27 in Invocations
    35 | D        | Reached XP level 22. HP: 148/148 MP: 22/54
    37 | D        | Noticed a destroyer
    37 | D        | Reached skill level 27 in Unarmed Combat
    38 | D        | Noticed a destroyer
    38 | D        | Reached skill level 27 in Armour
    39 | D        | Killed a destroyer
    39 | D        | Reached XP level 23. HP: 153/153 MP: 23/55
    39 | D        | Killed a destroyer
    42 | D        | Noticed a destroyer
    42 | D        | Noticed a destroyer
    42 | D        | Reached XP level 24. HP: 158/158 MP: 23/55
    42 | D        | Killed a destroyer
    43 | D        | Killed a destroyer
    43 | D        | Reached XP level 25. HP: 133/163 MP: 24/55
    45 | D        | Killed a destroyer
    48 | D        | Noticed an accursed
    48 | D        | Killed a destroyer
    48 | D        | Reached XP level 26. HP: 169/169 MP: 25/55
    53 | D        | Noticed a destroyer
    54 | D        | Noticed a destroyer
    55 | D        | Noticed a tyrant
    55 | D        | Noticed a destroyer
    55 | D        | Reached XP level 27. HP: 174/174 MP: 27/55
    55 | D        | Killed a destroyer
    59 | D        | Noticed a destroyer
    59 | D        | Killed a tyrant
    59 | D        | Killed an accursed
    63 | D        | Killed a destroyer
    64 | D        | Killed a destroyer
    65 | D        | Noticed a tyrant
    66 | D        | Noticed a dread
    67 | D        | Killed a destroyer
    68 | D        | Noticed The Captor
    69 | D        | Noticed a dread
    71 | D        | Noticed an accursed
    71 | D        | Noticed The Servant
    71 | D        | Killed a dread
    72 | D        | Noticed an accursed
    73 | D        | Killed a tyrant
    74 | D        | Noticed a dread
    74 | D        | Noticed a destroyer
    74 | D        | Killed a dread
    77 | D        | Killed The Captor
    77 | D        | Killed a destroyer
    80 | D        | Noticed a tyrant
    81 | D        | Killed an accursed
    83 | D        | Noticed a meat beast
    84 | D        | Killed from afar by an accursed

Vault maps used:
D:        meatsprint

Skill      XL: |  1  2  3  4  5  6  7  8  9 10 11 12 13 14 15 16 17 18 19 20 21 22 |
---------------+-------------------------------------------------------------------+-----
Fighting       | 8 11 12 14 17 22 27 | 27.0
Axes           | 15 19 21 24 27 | 27.0
Throwing       | 10 13 14 16 19 23 27 | 27.0
Dodging        | 23 27 | 27.0
Armour         | 10 16 20 24 27 | 27.0
Stealth        | 18 27 | 27.0
Unarmed Combat | 11 17 21 25 27 | 27.0
Spellcasting   | 15 23 27 | 27.0
Invocations    | 13 20 25 27 | 27.0

Action                   |  1- 3 |  4- 6 |  7- 9 | 10-12 | 13-15 | 16-18 | 19-21 | 22-24 | 25-27 || total
-------------------------+-------+-------+-------+-------+-------+-------+-------+-------+-------++-------
Melee: Broad axe         |     1 |       |       |     1 |     1 |     5 |     7 |     8 |    31 ||    54
Invok: Greater Servant o |       |       |       |       |       |       |       |       |     2 ||     2
       Major Destruction |       |       |       |       |       |       |       |       |     1 ||     1
 Stab: Distracted        |       |       |       |       |       |       |       |       |     1 ||     1
Dodge: Dodged            |       |       |       |       |       |     1 |     1 |       |     2 ||     4
